 Dungeon Crawl Stone Soup version 0.26-b1-32-g5d43845318 (webtiles) character file.

Game seed: 18149814279435856453

61 grulito the Chopper (level 3, -4/31 HPs)
             Began as a Minotaur Berserker on Jan 10, 2021.
             Was a Follower of Trog.
             Slain by a gnoll
             ... wielding a +0 whip
              (11 damage)
             ... on level 2 of the Dungeon.
             The game lasted 00:02:24 (1956 turns).

grulito the Chopper (Minotaur Berserker)            Turns: 1956, Time: 00:02:24

Health: -4/31      AC:  2    Str: 21    XL:     3   Next: 83%
Magic:  2/2        EV: 12    Int:  4    God:    Trog [*.....]
Gold:   89         SH:  0    Dex: 10    Spells: 2/2 levels left

rFire    . . .     SeeInvis .   a - +0 hand axe
rCold    . . .     Faith    .   (no shield)
rNeg     . . .     Spirit   .   b - +0 animal skin
rPois    .         Reflect  .   (helmet restricted)
rElec    .         Harm     .   (no cloak)
rCorr    .         Rampage  .   (no gloves)
Will     .....                  (no boots)
Stlth    +.........             (no amulet)
HPRegen  0.10/turn              (no ring)
MPRegen  0.08/turn              (no ring)

@: no status effects
A: retaliatory headbutt, horns 2
a: Renounce Religion, Berserk


You were on level 2 of the Dungeon.
You worshipped Trog.
Trog was aware of your devotion.
You visited 1 branch of the dungeon, and saw 2 of its levels.

You collected 89 gold pieces.

Inventory:

Hand Weapons
 a - a +0 hand axe (weapon)
Armour
 b - a +0 animal skin (worn)
Jewellery
 g - a +6 ring of dexterity {unknown}
Scrolls
 c - a scroll of magic mapping {unknown}
 d - a scroll of remove curse {unknown}
 f - a scroll of teleportation {unknown}
Potions
 e - a potion of curing {unknown}


   Skills:
 - Level 3.6 Fighting
 * Level 5.8 Axes
 - Level 2.4 Armour
 - Level 2.1 Dodging
 + Level 0.1 Stealth


You had 2 spell levels left.
You didn't know any spells.
Your spell library was empty.

Dungeon Overview and Level Annotations

Branches:
Dungeon (2/15)

Altars:
Lugonu

Portals:
Abyss: D:1


Innate Abilities, Weirdness & Mutations

You reflexively headbutt those who attack you in melee.
You have a pair of horns on your head.


Message History

a +0 hunting sling; 17 stones A gnoll opens the door.
It is wielding a +0 spear.
The gnoll shouts!
The gnoll hits you with a +0 spear!
You barely miss the gnoll. Your headbutt misses the gnoll.
A gnoll comes into view. It is wielding a +0 whip.
The gnoll hits you with a +0 spear.
The gnoll shouts!
You hit the gnoll but do no damage. The gnoll hits you with a +0 spear.
* * * LOW HITPOINT WARNING * * *
You hit the gnoll.
The gnoll is moderately wounded.
The gnoll misses you. You furiously retaliate!
You headbutt the gnoll! You barely miss the gnoll.
The gnoll is almost dead.
The gnoll barely misses you. You furiously retaliate!
You headbutt the gnoll.
You kill the gnoll!
Trog accepts your kill.
You hit the gnoll but do no damage. The gnoll hits you with a +0 whip!
You die...

..........+.###.###.#
..........#.###..##.#
.>........#.#.......#
..........#.#.......#
..........#.#.......######
..........#.#............#
..........#.###.#'(......#
#.#####')......#
##...g@........#
#####............(#
...................#
.............).(####
.............>..#
.....#..........#
####.......#..###
#.......#..# #.......'....


You could see a gnoll.

Vanquished Creatures
  A gnoll (D:2)
  An adder (D:2)
  An ooze (D:1)
  A worm (D:2)
  A dart slug (D:1)
  A leopard gecko (D:1)
  2 giant cockroaches
  7 goblins
  A hobgoblin (D:1)
  A ball python (D:1)
  5 bats
  2 frilled lizards
  6 kobolds (D:1)
  5 rats (D:1)
35 creatures vanquished.

Notes
Turn   | Place    | Note
-------+----------+-------------------------------------------
     0 | D:1      | grulito the Minotaur Berserker began the quest for the Orb.
     0 | D:1      | Reached XP level 1. HP: 19/19 MP: 0/0
    30 | D:1      | Reached skill level 4 in Axes
   154 | D:1      | Reached XP level 2. HP: 19/26 MP: 1/1
  1151 | D:1      | Reached skill level 5 in Axes
  1181 | D:1      | Reached XP level 3. HP: 30/31 MP: 2/2
  1537 | D:1      | Found a corrupted altar of Lugonu.
  1537 | D:1      | Found a one-way gate to the infinite horrors of the Abyss.
  1537 | D:1      | Noticed a demonic crawler
  1537 | D:1      | Noticed a demonic crawler
  1538 | D:1      | Noticed a demonic crawler
  1956 | D:2      | Slain by a gnoll

Illustrated notes

Levels and vault maps discovered:
D:1:      erik_arrival_cave_to_civilisation [erik_arrival_cave_to_temple],
          layout_loops_ring
D:2:      layout_basic, minmay_bisected

Skill      XL: |  1  2 |
---------------+-------+-----
Axes           | 4 5 |  5.8
Fighting       | |  3.6
Armour         | |  2.4
Dodging        | |  2.1
Stealth        | |  0.1

Action                   || total
-------------------------++-------
Melee: Hand axe          ||    76
       Headbutt          ||    10
 Stab: Sleeping          ||     1
Armor: Animal skin       ||    16
Dodge: Dodged            ||    51
